 Dungeon Crawl Stone Soup version 0.30.0-29-ga12c61a403 (webtiles) character file.

Game seed: 4550367095888498923

149847 cheesebisquit the Wrestler (level 16, -8/170 HPs)
             Began as a Troll Fighter on June 11, 2023.
             Was a High Priest of Wu Jian.
             Shot with a bolt by a naga sharpshooter (14 damage)
             ... on level 2 of the Snake Pit on June 12, 2023.
             The game lasted 02:29:15 (31370 turns).

cheesebisquit the Wrestler (Troll Fighter)         Turns: 31370, Time: 02:29:16

Health: -8/170     AC: 13    Str: 37    XL:     16   Next: 97%
Magic:  13/15      EV: 13    Int: 10    God:    Wu Jian [*****.]
Gold:   2265       SH: 18    Dex:  9    Spells: 8/15 levels left

rFire   + .          .
                       - Unarmed
rCold   . . .        b - +2 kite shield
rNeg    . . .        Z - +2 troll leather armour {Snorg}
rPois   +            Q - +2 hat {SInv}
rElec   .            u - +2 cloak {rPois}
rCorr   .            (gloves unavailable)
SInv    +            (boots unavailable)
Will    +....        f - amulet of reflection
Stlth   +            U - +6 ring of strength
HPRegen 2.08/turn    S - ring of the Lachrymose God {rF+ Str+3}
MPRegen 0.14/turn

%: reflection
@: in a heavenly storm, very slightly contaminated, glowing, constricted,
studying Dodging
A: large, unfitting armour, claws 3, regeneration 1, shaggy fur 1, tough skin 1
a: Renounce Religion, Wall Jump, Serpent's Lash, Heavenly Storm


You were on level 2 of the Snake Pit.
You worshipped Wu Jian.
Wu Jian was extremely pleased with you.
You visited 5 branches of the dungeon, and saw 25 of its levels.
You also visited: Bailey and Ice Cave.

You collected 3197 gold pieces.
You spent 932 gold pieces at shops.

Inventory:

Hand Weapons
 G - a +6 giant spiked club of chaos
Missiles
 d - a throwing net
 h - 5 boomerangs (quivered)
 o - 53 poisoned darts
 y - 5 silver boomerangs
 I - 2 silver javelins
 M - a curare-tipped dart
 P - 36 large rocks
 Y - 3 boomerangs of dispersal
Armour
 b - a +2 kite shield (worn)
 p - a +1 tower shield of poison resistance
 q - a +0 kite shield of cold resistance
 u - a +2 cloak of poison resistance (worn)
 Q - a +2 hat of see invisible (worn)
 Z - a +2 troll leather armour (worn) {Snorg}
Jewellery
 c - a ring of poison resistance
 f - an amulet of reflection (around neck)
 v - a ring of willpower
 B - a ring of flight
 E - the ring "Hab Eng" {rPois Str+2 SInv}
   (You found it on level 1 of the Orcish Mines)

   [ring of see invisible]

   Str:       It affects your strength (+2).
   rPois:     It protects you from poison.
   SInv:      It lets you see invisible.
 S - the ring of the Lachrymose God (right claw) {rF+ Str+3}
   (You bought it in a shop on level 2 of the Orcish Mines)

   [ring of protection from fire]

   Str:       It affects your strength (+3).
   rF:        It protects you from fire.
 T - the ring of Sif Muna's Hope {rF+ Dex+6}
   (You found it on level 15 of the Dungeon)

   [ring of protection from fire]

   Dex:       It affects your dexterity (+6).
   rF:        It protects you from fire.
 U - a +6 ring of strength (left claw)
Wands
 a - a wand of digging (12)
 g - a wand of mindburst (10)
 m - a wand of flame (64)
 w - a wand of roots (21)
 x - a wand of polymorph (9)
 J - a wand of paralysis (31)
 V - a wand of light (5)
Scrolls
 j - 3 scrolls of butterflies
 k - a scroll of magic mapping
 t - 14 scrolls of teleportation
 A - 3 scrolls of blinking
 C - a scroll of torment
 D - 4 scrolls of poison
 K - 2 scrolls of immolation
 L - 3 scrolls of amnesia
 N - a scroll of silence
 X - 3 scrolls of fear
Potions
 e - 5 potions of flight
 i - a potion of berserk rage
 l - 5 potions of mutation
 n - 5 potions of brilliance
 r - 2 potions of curing
 s - 3 potions of cancellation
 z - a potion of resistance
 F - a potion of lignification
 H - 4 potions of attraction
 O - 4 potions of magic
 R - a potion of might


   Skills:
 - Level 13.3 Fighting
 - Level 9.9 Dodging
 - Level 13.3 Shields
 - Level 21.1 Unarmed Combat
 + Level 4.8 Translocations
 - Level 3.3 Air Magic


You had 8 spell levels left.
You knew the following spells:

 Your Spells              Type           Power      Damage    Failure   Level
a - Blink                 Tloc           18%        N/A       12%         2
b - Passwall              Tmut/Erth      0%         N/A       65%         2
c - Vhi's Electric Charg  Tloc/Air       16%        N/A       32%         3

Your spell library contained the following spells:

 Spells                   Type           Power      Damage    Failure   Level
 Lesser Beckoning         Tloc           18%        N/A       12%         2
 Gell's Gravitas          Tloc           9%         N/A       24%         3
 Teleport Other           Tloc           9%         N/A       24%         3
 Momentum Strike          Conj/Tloc      8%         3d8       32%         2
 Poisonous Vapours        Pois/Air       6%         N/A       41%         2
 Static Discharge         Conj/Air       6%         2-3/arc   41%         2
 Freeze                   Ice            0%         1d3       50%         1
 Sandblast                Erth           0%         2d4       50%         1
 Sting                    Tmut/Pois      0%         1d3       50%         1
 Ensorcelled Hibernation  Hex/Ice        0%         N/A       65%         2
 Scorch                   Fire           0%         2d5       65%         2
 Airstrike                Air            3%         2d(1-17)  83%         4
 Ozocubu's Armour         Ice            0%         N/A       86%         3
 Spider Form              Tmut/Pois      0%         N/A       86%         3
 Stone Arrow              Conj/Erth      0%         3d7       86%         3
 Summon Guardian Golem    Hex/Summ       0%         N/A       86%         3
 Summon Lightning Spire   Summ/Air       3%         N/A       96%         4
 Anguish                  Hex/Necr       0%         N/A       99%         4
 Cause Fear               Hex            0%         N/A       99%         4
 Flame Wave               Conj/Fire      0%         2d4       99%         4
 Fulminant Prism          Conj/Hex       0%         3d5       99%         4
 Olgreb's Toxic Radiance  Pois           0%         N/A       99%         4
 Summon Forest            Summ/Tloc      2%         N/A       99%         5
 Arcjolt                  Conj/Air       1%         1d11      100%        5
 Summon Mana Viper        Hex/Summ       0%         N/A       100%        5
 Dispersal                Tloc           4%         N/A       100%        6
 Summon Cactus Giant      Summ           0%         N/A       100%        6
 Enfeeble                 Hex            0%         N/A       100%        7
 Ozocubu's Refrigeration  Ice            0%         4d7       100%        7
 Maxwell's Capacitive Co  Air            3%         ∞         100%        8


Dungeon Overview and Level Annotations

Branches:
Dungeon (15/15)            Temple (1/1) D:4            Lair (5/5) D:9
 Shoals (0/4) Lair:3        Snake (2/4) Lair:2        Slime (0/5) Lair:5
    Orc (2/2) D:12            Elf (0/3) Orc:2        Vaults (0/5) D:13
 Depths (0/4) D:15         Bailey (visited)           IceCv (visited)

Altars:
Ashenzari
Cheibriados
Dithmenos
Elyvilon
Fedhas
Gozag
Hepliaklqana
Kikubaaqudgha
Makhleb
Nemelex Xobeh
Okawaru
Qazlal
Ru
Sif Muna
Trog
Uskayaw
Vehumet
Wu Jian
Xom
Yredelemnul
Zin
The Shining One
Lugonu

Shops:
D:3 *   D:4 *   Orc:2 (*=(

Portals:
Abyss: D:5 Lair:5
Trove: D:10 (give 6 scrolls of fog)

Annotations:
D:10 2 transporters, Irreverend's ghost, novice TrFi
Snake:1 1 runed translucent door, howech's ghost, adept MiBe
Snake:2 3 runed translucent doors, exclusion: obsidian statue, Dittersdorf's ghost, adept MiBe
Orc:2 1 runed translucent door, pajopajo's ghost, journeyman HOFi


Innate Abilities, Weirdness & Mutations

You are too large for most types of armour.
You have claws for hands.
Your natural rate of healing is unusually fast.
You are covered in fur. (AC +1)
You have tough skin. (AC +1)


Message History

The black mamba blinks!
The naga sharpshooter casts a spell.
The naga sharpshooter magically shoots a bolt.
The bolt hits you!!
A guardian serpent comes into view.
The mana viper moves out of view.
The air is filled with shimmering golden clouds!
Sifu Gene Jian Bin says: The storm will not cease as long as you keep fighting, disciple!
You hear an angry hiss.
You block the black mamba's attack. You block the anaconda's attack.
The anaconda barely misses you. You block the mana viper's attack.
The anaconda grabs you. The anaconda misses you. The anaconda constricts you.
The shock serpent bites you but does no damage.
The black mamba bites you!
The naga sharpshooter shoots a bolt.
The bolt hits you!! You block the anaconda's attack.
Cast which spell? (? or * to list)
You miscast Blink.
You are very lightly contaminated with residual magic.
Nothing appears to happen.
The anaconda bites you but does no damage.
The anaconda constricts you.
The shock serpent shoots out a bolt of lightning at you!
The bolt of electricity hits you!! The bolt of electricity hits you!
* * * LOW HITPOINT WARNING * * *
The bolt of electricity hits the shock serpent.
The shock serpent completely resists.
You block the mana viper's attack. You block the black mamba's attack.
You block the anaconda's attack. x2
The anaconda constricts you.
* * * LOW HITPOINT WARNING * * *
The shock serpent shoots out a bolt of lightning at you!
The bolt of electricity hits you!
* * * LOW HITPOINT WARNING * * *
The bolt of electricity hits you!!
* * * LOW HITPOINT WARNING * * *
The bolt of electricity hits the shock serpent.
The shock serpent completely resists.
The black mamba completely misses you.
The naga sharpshooter gestures wildly while chanting.
The naga sharpshooter magically shoots a bolt.
The bolt hits you!
You die...

#....#..........#
#....#..........'
#.####..........#
####.#
#......[...#
#....#
############
#.#### #☼### ##8
#☼SS# #8S(S
#☼S@#.§....


#☼SSNSSSS.. #§§§#S§.... #...###8... ##### ##8 You could see a naga sharpshooter,
2 anacondas, a shock serpent, 2 mana vipers, a guardian serpent and a black
mamba.

Vanquished Creatures
  Gastronok (D:11)
  A sphinx (D:15)
  A fire giant (D:15)
  Aizul (Snake:2)
  A very ugly thing (D:15)
  4 orc warlords
  2 stone giants
  Nessos (D:13)
  Snorg (D:12)
  3 ettins
  2 blizzard demons (IceCv)
  A fire dragon (D:15)
  Erica (Orc:1)
  An ice dragon (D:15)
  2 catoblepae (Lair:5)
  A caustic shrike simulacrum (IceCv)
  An ogre mage (D:15)
  6 hydras
  4 anacondas
  10 two-headed ogres
  5 centaur warriors
  3 boulder beetles
  3 tengu warriors
  4 death yaks (Lair:5)
  6 naga warriors
  2 shock serpents
  3 thrashing horrors (Lair:5)
  2 orc high priests
  13 skeletal warriors
  A salamander mystic (Snake:2)
  3 naga ritualists
  An obsidian statue (IceCv)
  A bog body (IceCv)
  A necromancer (D:13)
  A harpy (shapeshifter) (Lair:5)
  6 spriggan simulacra (IceCv)
  16 orc knights
  5 mana vipers
  A deep elf pyromancer (D:15)
  5 orc sorcerers
  5 salamanders (Snake:2)
  6 cyclopes
  13 ugly things
  2 manticores
  A toenail golem (D:5)
  2 merfolk sirens (Lair:3)
  5 elephants (Lair:5)
  20 black mambas
  3 guardian serpents
  Maurice (Orc:1)
  2 molten gargoyles (Lair:3)
  2 smoke demons (Lair:5)
  2 kobold demonologists
  5 naga magi
  An unseen horror (D:11)
  10 cane toads
  4 gargoyles
  An efreet (D:14)
  2 freezing wraiths (D:14)
  7 rime drakes
  The ghost of Tirrikindir the Cudgeller, a novice GrBe of Trog (D:5)
  4 anaconda simulacra (IceCv)
  5 komodo dragons
  8 ice devils (IceCv)
  2 merfolk (Lair:3)
  3 yaktaurs (D:15)
  9 trolls
  A golden dragon simulacrum (IceCv)
  2 ancient zymes (Lair:5)
  A polar bear (Lair:2)
  Grinder (D:5)
  7 dream sheep (Lair:3)
  5 saltlings (Orc:2)
  16 blink frogs
  A water elemental (D:12)
  13 slime creatures
  2 spriggans (Lair:5)
  Sigmund (D:3)
  2 wraiths (D:10)
  A ynoxinul (Lair:5)
  A yak (shapeshifter) (D:15)
  2 vampires
  2 wyverns
  A shadow (D:11)
  9 basilisks
  38 yaks
  2 steam dragons (D:8)
  2 chaos spawn (Lair:5)
  9 minotaur simulacra (IceCv)
  7 vampire mosquitoes
  3 harpy simulacra (IceCv)
  19 nagas
  A hydra simulacrum (IceCv)
  3 acid dragons
  14 wargs
  A naga (shapeshifter) (Lair:5)
  16 water moccasins
  12 small abominations
  43 orc warriors
  2 ice beasts
  A black bear (Lair:1)
  4 alligator simulacra (IceCv)
  A sky beast (D:7)
  13 ogres
  5 wolves (Lair:2)
  5 boggarts (D:15)
  19 centaurs
  4 kobold brigands
  16 bullfrogs
  6 deep troll simulacra (IceCv)
  A gnoll sergeant (D:6)
  2 scorpions
  10 wights
  2 lindwurm simulacra (IceCv)
  22 killer bees
  A vampire bat (D:6)
  11 electric eels
  5 lava snakes (Lair:3)
  6 howler monkeys
  4 crimson imps (D:14)
  Crazy Yiuf (D:3)
  20 orc priests
  3 hounds
  4 jellies (Lair:5)
  6 iguanas
  Ijyb (D:5)
  Terence (D:2)
  A gnoll bouda (D:6)
  2 sleepcaps
  23 orc wizards
  6 hell rats (Lair:4)
  2 human simulacra (D:13)
  9 adders
  20 gnolls
  A shadow imp (D:7)
  A white imp (D:5)
  An ufetubus (D:4)
  5 worms
  4 dart slugs
  126 orcs
  A ball python (shapeshifter) (Lair:5)
  7 ball pythons
  9 bats
  9 endoplasms
  4 giant cockroaches
  11 goblins
  20 hobgoblins
  16 kobolds
  2 quokkas (D:2)
  2 frilled lizards
  5 rats
954 creatures vanquished.

Vanquished Creatures (others)
  An orc (Orc:1)
  5 kobolds
6 creatures vanquished.

Grand Total: 960 creatures vanquished

Notes
Turn   | Place    | Note
-------+----------+-------------------------------------------
     0 | D:1      | cheesebisquit the Troll Fighter began the quest for the
                  | Orb.
     0 | D:1      | Reached XP level 1. HP: 22/22 MP: 0/0
   152 | D:1      | Found a faded altar of an unknown god.
   161 | D:1      | Reached XP level 2. HP: 24/29 MP: 1/1
   730 | D:2      | Reached skill level 3 in Unarmed Combat
   730 | D:2      | Reached XP level 3. HP: 29/36 MP: 2/2
   758 | D:2      | Noticed Terence
   766 | D:2      | Killed Terence
   767 | D:2      | Reached XP level 4. HP: 41/44 MP: 3/3
   826 | D:2      | Found a basalt altar of Yredelemnul.
  1214 | D:3      | Found a transporter.
  1244 | D:3      | Found a transporter.
  1375 | D:3      | Reached XP level 5. HP: 42/53 MP: 4/4
  1385 | D:3      | Reached skill level 4 in Unarmed Combat
  1452 | D:3      | Noticed Sigmund
  1694 | D:3      | Killed Sigmund
  1695 | D:3      | Reached XP level 6. HP: 61/61 MP: 5/5
  1808 | D:3      | Found a runed translucent door.
  1809 | D:3      | Noticed Crazy Yiuf
  1909 | D:3      | Found Gutos's Assorted Antiques.
  2512 | D:3      | Killed Crazy Yiuf
  2513 | D:3      | Reached skill level 5 in Unarmed Combat
  3090 | D:4      | Found a staircase to the Ecumenical Temple.
  3103 | Temple   | Entered the Ecumenical Temple
  3452 | D:4      | Found Daofifam's General Store.
  3461 | D:4      | Bought a scroll of teleportation for 33 gold pieces
  3461 | D:4      | Bought a scroll of blinking for 82 gold pieces
  3494 | D:5      | Entered Level 5 of the Dungeon
  3505 | D:5      | Noticed Grinder
  3521 | D:5      | Killed Grinder
  3522 | D:5      | Reached XP level 7. HP: 34/70 MP: 6/6
  3713 | D:5      | Noticed a toenail golem
  3725 | D:5      | Noticed Tirrikindir's ghost (novice GrBe)
  3733 | D:5      | Reached skill level 6 in Unarmed Combat
  3793 | D:5      | Found a transporter.
  3794 | D:5      | Found a one-way gate to the infinite horrors of the Abyss.
  3803 | D:5      | Noticed a small abomination
  3810 | D:5      | Found a transporter.
  3851 | D:5      | Found a hide-covered altar of Uskayaw.
  3957 | D:5      | Noticed Ijyb
  3996 | D:5      | Killed Ijyb
  4546 | D:6      | Reached skill level 5 in Shields
  4546 | D:6      | Reached XP level 8. HP: 65/78 MP: 7/7
  4584 | D:6      | Reached skill level 7 in Unarmed Combat
  5132 | D:6      | Reached skill level 5 in Fighting
  5201 | D:6      | Reached skill level 8 in Unarmed Combat
  5787 | D:6      | Reached XP level 9. HP: 88/88 MP: 8/8
  5867 | D:6      | Found an ornate altar of the Wu Jian Council.
  5867 | D:6      | Found a sparkling altar of Nemelex Xobeh.
  5869 | D:6      | Found a blossoming altar of Fedhas.
  5869 | D:6      | Found a shimmering altar of Xom.
  5875 | D:6      | Became a worshipper of the Wu Jian Council
  6334 | D:7      | Reached skill level 9 in Unarmed Combat
  6440 | D:7      | Reached * piety under Wu Jian
  6810 | D:8      | Reached skill level 10 in Unarmed Combat
  6867 | D:8      | Reached XP level 10. HP: 63/98 MP: 9/9
  6964 | D:8      | Found a broken altar of Ashenzari.
  6970 | D:8      | Found a bloodstained altar of Trog.
  7411 | D:9      | Found a flagged portal.
  7733 | D:9      | Reached ** piety under Wu Jian
  7934 | Bailey   | Entered a bailey
  7978 | Bailey   | Noticed an orc knight
  7990 | Bailey   | Killed an orc knight
  7991 | Bailey   | Reached skill level 11 in Unarmed Combat
  8065 | Bailey   | Noticed an orc knight
  8065 | Bailey   | Noticed an orc high priest
  8069 | Bailey   | Killed an orc high priest
  8070 | Bailey   | Reached skill level 5 in Dodging
  8080 | Bailey   | Killed an orc knight
  8205 | Bailey   | Found an iron altar of Okawaru.
  8218 | Bailey   | Noticed a soul eater
  8223 | Bailey   | Reached XP level 11. HP: 81/109 MP: 10/10
  8267 | Bailey   | Identified the +2 leather armour "Imitz" {rN+}
  8369 | Bailey   | Reached *** piety under Wu Jian
  8538 | Bailey   | Acquired a manual of Fighting
  8757 | D:9      | Found a staircase to the Lair.
  8959 | D:9      | Reached skill level 12 in Unarmed Combat
  9107 | D:9      | Found a hazy altar of Hepliaklqana.
  9108 | D:9      | Found a faded altar of an unknown god.
  9202 | D:9      | Reached **** piety under Wu Jian
  9277 | D:10     | Entered Level 10 of the Dungeon
  9277 | D:10     | Noticed Irreverend's ghost (novice TrFi)
  9277 | D:10     | Found a transporter.
  9279 | D:10     | Noticed an ice dragon
  9505 | D:10     | Noticed a two-headed ogre
  9519 | D:10     | Killed a two-headed ogre
  9683 | D:10     | Found a transporter.
  9755 | D:10     | Found a portal to a secret trove of treasure.
 10176 | D:11     | Noticed a cyan ugly thing
 10192 | D:11     | Killed a cyan ugly thing
 10783 | D:11     | Noticed Gastronok
 10796 | D:11     | Killed Gastronok
 10797 | D:11     | Reached skill level 13 in Unarmed Combat
 11028 | D:12     | Reached XP level 12. HP: 100/123 MP: 11/11
 11033 | D:12     | Noticed a two-headed ogre
 11099 | D:12     | Killed a two-headed ogre
 11129 | D:12     | Found a glowing golden altar of the Shining One.
 11293 | D:12     | Noticed a boulder beetle
 11865 | D:12     | Killed a boulder beetle
 12266 | D:12     | Found a staircase to the Orcish Mines.
 12393 | Lair:1   | Entered Level 1 of the Lair of Beasts
 12455 | Lair:1   | Reached skill level 14 in Unarmed Combat
 12528 | Lair:1   | Reached skill level 10 in Fighting
 12887 | Lair:2   | Noticed an eight-headed hydra
 13526 | Lair:2   | Found a staircase to the Snake Pit.
 13669 | Lair:2   | Reached ***** piety under Wu Jian
 13927 | Lair:3   | Noticed a five-headed hydra
 13936 | Lair:3   | Killed a nine-headed hydra
 13937 | Lair:3   | Reached XP level 13. HP: 135/135 MP: 12/12
 14073 | Lair:1   | Reached skill level 10 in Shields
 14668 | Lair:2   | Found a staircase to the Snake Pit.
 15159 | Lair:3   | Found a staircase to the Shoals.
 15532 | Lair:3   | Reached skill level 15 in Unarmed Combat
 15945 | Lair:4   | HP: 6/137 [12-headed hydra (1)]
 16251 | Lair:4   | Found a gate leading to a gauntlet.
 17079 | Lair:5   | Entered Level 5 of the Lair of Beasts
 17945 | Lair:5   | Found a staircase to the Slime Pits.
 17954 | Lair:5   | Reached skill level 16 in Unarmed Combat
 17975 | Lair:5   | Reached XP level 14. HP: 68/149 MP: 13/13
 18317 | Lair:5   | Identified the +5 ring mail of the Peach {Drain rElec rN+
                  | Str+4}
 19376 | Lair:5   | Found a corrupted altar of Lugonu.
 19939 | D:5      | Killed Tirrikindir's ghost
 20410 | D:6      | Found an ornate altar of the Wu Jian Council.
 20410 | D:6      | Found a sparkling altar of Nemelex Xobeh.
 20412 | D:6      | Found a blossoming altar of Fedhas.
 20412 | D:6      | Found a shimmering altar of Xom.
 20911 | Orc:1    | Entered Level 1 of the Orcish Mines
 21204 | Orc:1    | Noticed an orc warlord
 21225 | Orc:1    | Noticed an orc warlord
 21253 | Orc:1    | Noticed Maurice
 21261 | Orc:1    | Killed Maurice
 21460 | Orc:2    | Entered Level 2 of the Orcish Mines
 21522 | Orc:1    | Killed an orc warlord
 21523 | Orc:1    | Reached skill level 17 in Unarmed Combat
 21568 | Orc:1    | Killed an orc warlord
 21745 | Orc:1    | Identified the +6 whip of Extinguishment {flame, rElec rC-
                  | Will+++ Stlth+}
 21789 | Orc:1    | Identified the ring "Hab Eng" {rPois Str+2 SInv}
 21988 | Orc:1    | Noticed Erica
 21998 | Orc:1    | Killed Erica
 22274 | Orc:2    | Found a staircase to the Elven Halls.
 22627 | Orc:2    | Reached XP level 15. HP: 161/161 MP: 14/14
 22803 | Orc:2    | Found Esairiff's Assorted Antiques.
 23063 | Orc:2    | Found a runed translucent door.
 23066 | Orc:2    | Noticed pajopajo's ghost (journeyman HOFi)
 23135 | Orc:2    | Found Zewagu's Antique Weapon Shoppe.
 23171 | Orc:2    | Found Horug's Jewellery Shoppe.
 23264 | Orc:2    | Found Zenwa's Antique Weapon Shop.
 23378 | Orc:2    | Bought the ring of the Lachrymose God {rF+ Str+3} for 421
                  | gold pieces
 23378 | Orc:2    | Bought a +6 ring of strength for 396 gold pieces
 23671 | D:12     | Reached skill level 18 in Unarmed Combat
 23712 | D:12     | Found a glowing golden altar of the Shining One.
 23902 | D:12     | Found a staircase to the Orcish Mines.
 24418 | D:13     | Noticed Snorg
 24432 | D:12     | Killed Snorg
 24814 | D:13     | Noticed Nessos
 24821 | D:13     | Killed Nessos
 24994 | D:13     | Found a gate to the Vaults.
 25625 | D:13     | Found a gate to the Vaults.
 25971 | D:14     | Found a frozen archway.
 25991 | IceCv    | Entered an ice cave
 26232 | IceCv    | Got the Secrets of Chilly Support
 26314 | IceCv    | Reached skill level 19 in Unarmed Combat
 26436 | IceCv    | Found the +8 frozen axe "Frostbite" {freeze, freezing
                  | cloud, *Noise Fly rC+}
 26446 | IceCv    | Got the Incunabulum of the Griffon
 26864 | D:14     | Learned a level 2 spell: Blink
 26867 | D:14     | Learned a level 2 spell: Passwall
 27191 | D:14     | Found a sparkling altar of Nemelex Xobeh.
 27237 | D:14     | Found a shimmering altar of Xom.
 27464 | D:14     | Reached XP level 16. HP: 170/170 MP: 15/15
 27654 | D:15     | Entered Level 15 of the Dungeon
 27776 | D:15     | Reached skill level 20 in Unarmed Combat
 27831 | D:15     | Reached ****** piety under Wu Jian
 27952 | D:15     | Learned a level 3 spell: Vhi's Electric Charge
 28060 | D:15     | Identified the ring of Sif Muna's Hope {rF+ Dex+6}
 28106 | D:15     | Identified the staff of cold "Exzubo" {rPois rC+ Int+3}
 28134 | D:15     | Identified the +1 leather armour "Humulees" {Rampage rC+}
 28294 | D:15     | Noticed a sphinx
 28301 | D:15     | Reached skill level 1 in Air Magic
 28302 | D:15     | Killed a sphinx
 28853 | D:15     | Found a staircase to the Depths.
 29681 | Snake:1  | Entered Level 1 of the Snake Pit
 30034 | Snake:1  | Reached skill level 21 in Unarmed Combat
 30259 | Snake:1  | Found a runed translucent door.
 30261 | Snake:1  | Found a shimmering altar of Xom.
 30261 | Snake:1  | Noticed howech's ghost (adept MiBe)
 30261 | Snake:1  | Identified the +7 executioner's axe of Kissing Misery
                  | {chaos, rCorr Int+3}
 30484 | Snake:1  | Reached skill level 1 in Translocations
 30982 | Snake:2  | Found a runed translucent gate.
 30982 | Snake:2  | Found a runed translucent gate.
 30982 | Snake:2  | Found a runed translucent gate.
 30984 | Snake:2  | Found an opulent altar of Gozag.
 30986 | Snake:2  | Noticed Dittersdorf's ghost (adept MiBe)
 31087 | Snake:2  | Acquired a manual of Dodging
 31336 | Snake:2  | Noticed Aizul
 31343 | Snake:2  | Killed Aizul
 31370 | Snake:2  | HP: 6/170 [shock serpent/bolt of electricity (23)]
 31370 | Snake:2  | Shot with a bolt by a naga sharpshooter

Illustrated notes

Levels and vault maps discovered:
D:1:      mainiacjoe_arrival_reflecting_pool, layout_basic,
          nicolae_ecumenical_snake_handling
D:2:      layout_loops_ring, basic_altar, uniq_terence
D:3:      gammafunk_wand_slinger, layout_basic, serial_shops,
          nicolae_square_shop, corexii_item_surrounded_by_moat, fountainhead,
          uniq_crazy_yiuf_cottage, uniq_sigmund
D:4:      layout_loops_ring, minmay_temple_entry_poolview, serial_shops, shop
D:5:      layout_rooms, nicolae_uskayaw_suspiria,
          gammafunk_ghost_abyssal_escape, serial_co_window_serial,
          co_window_of_opportunity_a, co_window_of_opportunity_a,
          co_window_paths_b, co_window_paths_b, co_window_corner_a,
          co_window_broadway_a, co_window_2corner, co_window_of_opportunity_b,
          co_window_unsneaky_path_b, co_window_paths_c, co_window_corner_b,
          co_window_sun, glass_columns_a, glass_columns_c, corner_web_ring,
          uniq_ijyb, uniq_grinder
D:6:      layout_basic, mainiacjoe_overflow_alcove_3, roderic_batcave,
          minmay_misc_feat_encased, kennysheep_generic_room_2
D:7:      layout_rooms
D:8:      layout_cave_pools, nicolae_overflow_squiral
D:9:      layout_gridville, beargit_hepliaklqana_dungeon_heroes,
          erik_lair_orcish_takeover, special_room [special_room_orc],
          enter_bailey_2, nicolae_fountain_basement
D:10:     layout_loops_ring, gammafunk_ghost_berserking_beasts,
          nicolae_trove_entry_free_sample, grunt_decor_arrowhead
D:11:     layout_basic, uniq_gastronok
D:12:     layout_long_grid, david_orc_1_choice, serial_bayou,
          serial_bayou_lagoon_b, serial_bayou_pond_b, serial_bayou_lagoon_a,
          serial_bayou_pond_b, tso_oasis_becter
D:13:     layout_basic, david_vaults_1, bh_circular_ruins, uniq_nessos,
          uniq_snorg
D:14:     layout_irregular_city, nemelex_lonely_heart_becter,
          portal_ice_cave_entry_frozen_things, led_xom_imps
D:15:     grunt_enter_depths_hoard, layout_stronghold,
          hellmonk_bongcloud_opening, drop_trap, library_closet,
          minmay_checkered_concentric_circles
Temple:   nicolae_temple_superstar
Lair:1:   layout_layer_cave
Lair:2:   layout_hall_layers, minmay_snake_entry_guardpost_medium,
          grunt_megastairs_4
Lair:3:   cheibrodos_magma_flow, layout_chaotic_city, elwin_shoals_entry_stream
Lair:4:   layout_gridlike, gauntlet_entry_generic, minmay_lair_drake_nest,
          grunt_megastairs_1, infiniplex_staircase_pool
Lair:5:   hellmonk_lair_end_abyssal_woods, layout_cave_pods,
          nicolae_slime_entry_field_trip, serial_bayou_shore_b,
          serial_bayou_shore_b
Snake:1:  layout_basic, ebering_ghost_xom, grunt_ministairs_3,
          serial_bayou_shore_b, grunt_megastairs_5
Snake:2:  nicolae_snake_unarmed_stairs_patrol, layout_basic,
          ebering_ghost_gozag, uniq_aizul
Orc:1:    cheibrodos_orc_bank, layout_caves, minmay_orc_treasury, uniq_erica,
          uniq_maurice
Orc:2:    hellmonk_orc_salted, layout_caves, basic_altar,
          ebering_ghost_reflecting_pool

Skill      XL: |  1  2  3  4  5  6  7  8  9 10 11 12 13 14 15 16 |
---------------+-------------------------------------------------+-----
Shields        | 3 4 5 6 7 8 9 10 11 13 | 13.3
Unarmed Combat | 3 4 5 6 8 10 11 13 14 16 17 19 21 | 21.1
Fighting       | 3 4 5 6 7 9 10 12 13 | 13.3
Dodging        | 3 5 6 7 8 9 |  9.9
Air Magic      | 3 |  3.3
Translocations | 4 |  4.8

Action                     |  1- 3 |  4- 6 |  7- 9 | 10-12 | 13-15 | 16-18 || total
---------------------------+-------+-------+-------+-------+-------+-------++-------
  Melee: Unarmed           |    54 |   150 |   323 |   774 |  1391 |   416 ||  3108
         Morningstar       |       |       |       |     6 |       |       ||     6
  Throw: Dart              |       |    12 |       |    74 |    41 |     3 ||   130
         Boomerang         |       |     4 |    21 |    51 |   144 |    54 ||   274
         Large rock        |       |       |       |     2 |    16 |     2 ||    20
         Throwing net      |       |       |       |       |     1 |       ||     1
 Invoke: Serpent's Lash    |       |       |       |     6 |    14 |     1 ||    21
         Heavenly Storm    |       |       |       |       |     3 |     2 ||     5
Ability: Lunge             |       |       |     5 |    47 |   135 |    31 ||   218
         Whirlwind         |       |       |     1 |    36 |    95 |    21 ||   153
    Use: Potion            |       |     3 |     2 |     3 |     8 |     3 ||    19
         Scroll            |       |     5 |    11 |    25 |     9 |     3 ||    53
   Stab: Sleeping          |       |     3 |       |       |       |       ||     3
         Invisible         |       |     1 |       |     7 |     2 |       ||    10
         Petrifying        |       |       |       |       |     1 |       ||     1
         Distracted        |       |       |       |       |     1 |       ||     1
 Armour: Robe              |     6 |    18 |    55 |    88 |    63 |       ||   230
         Acid dragon scale |       |       |       |       |    35 |       ||    35
         Troll leather arm |       |       |       |       |    53 |    55 ||   108
  Dodge: Dodged            |    13 |    33 |    71 |   180 |   264 |    73 ||   634
  Block: Kite shield       |    25 |    79 |   215 |   512 |   793 |   248 ||  1872
         Reflection        |       |     2 |    17 |    37 |    34 |    24 ||   114
